 Dungeon Crawl Stone Soup version 0.18.1-48-g4cf74bf (webtiles) character file.

15 Alarkh the Ruffian (level 2, 23/24 HPs)
             Began as a Ghoul Skald on July 20, 2016.
             Quit the game on level 1 of the Dungeon.
             The game lasted 00:00:28 (283 turns).

Alarkh the Ruffian (Ghoul Skald)                     Turns: 283, Time: 00:00:29

Health: 23/24      AC:  4    Str: 15    XL:     2   Next: 50%
Magic:  3/3        EV: 11    Int:  7    God:
Gold:   91         SH:  0    Dex:  8    Spells: 1 memorised, 3 levels left

rFire  . . .     SeeInvis .       - Unarmed
rCold  + . .     Gourm    .     a - +0 leather armour
rNeg   + + +     Faith    .     (no shield)
rPois  ∞         Spirit   .     f - +0 helmet
rElec  .         Dismiss  .     (no cloak)
rCorr  .         Reflect  .     (no gloves)
SustAt .         Harm     .     (no boots)
MR     .....                    (no amulet)
Stlth  +.........               (no ring)
                                (no ring)

@: rotting, not resistant to hostile enchantments, very unstealthy
A: rotting body, claws 1, carnivore 3, cold resistance 1, negative energy
resistance 3, slow regeneration 1, torment resistance, unbreathing
a: no special abilities


You were on level 1 of the Dungeon.
You were not hungry.

You visited 1 branch of the dungeon, and saw 1 of its levels.

You collected 91 gold pieces.

Inventory:

Armour
 a - a +0 leather armour (worn)
 f - a +0 helmet (worn)
Scrolls
 e - 2 scrolls of identify {unknown}
 g - a scroll of remove curse {unknown}
 h - a scroll of recharging {unknown}
 i - a scroll of fear {unknown}
Potions
 d - a potion of berserk rage {unknown}
Books
 b - a book of Battle

   Spells                             Type                      Level
   a - Infusion                       Charms                       1
   b - Shroud of Golubria             Charms/Translocation         2
   c - Song of Slaying                Charms                       2
   d - Spectral Weapon                Hexes/Charms                 3
   e - Regeneration                   Charms/Necromancy            3
Comestibles
 c - a meat ration
 j - a chunk of flesh


   Skills:
 - Level 2.1 Fighting
 - Level 0.8 Armour
 - Level 0.8 Dodging
 + Level 3.3 Unarmed Combat
 - Level 1.7 Spellcasting
 - Level 2.6 Charms


You had 3 spell levels left.
You knew the following spells:

 Your Spells              Type           Power        Failure   Level  Hunger
a - Infusion              Chrm           #...         17%         1    ##.....


Dungeon Overview and Level Annotations

Branches:
Dungeon (1/15)

Altars:


Innate Abilities, Weirdness & Mutations

Your body is rotting away.
You thrive on raw meat.
You are immune to poison.
You have sharp fingernails.
You are carnivorous and can eat meat at any time.
Your flesh is cold resistant.
You are immune to negative energy.
You regenerate slowly when monsters are visible.
You are immune to unholy pain and torment.
You can survive without breathing.


Message History

You now have 63 gold pieces (gained 5).
You see here a goblin corpse.
You now have 65 gold pieces (gained 2).
You now have 79 gold pieces (gained 14).
You now have 91 gold pieces (gained 12).
A bat comes into view.
A bat is nearby!
A bat is nearby!
A bat is nearby!
A bat is nearby!
The bat barely misses you.
You barely miss the bat. The bat hits you. The bat closely misses you.
The bat barely misses you.
You scratch the bat.
You kill the bat!
No target in view!
Are you sure you want to abandon this character and quit the game? (Confirm with "yes".)
Okay, then.
Are you sure you want to abandon this character and quit the game? (Confirm with "yes".)

#.##........##...
#.######.#.#.#..#>##.##
#......#...##..#.##.#
#.#####.##.###.......##
###.##.######†.....
#......##.......###
###......##.###..####
#........(..# #......
#.#.@†...#..####.####
#.#.......#.......##
..###...##..........#
### .##.##.....###..#
.# #........###..### ..
..##.....##...... ##
.##..#####....##
.##..#####......
#.....##.#..##


There were no monsters in sight!

Vanquished Creatures
  A dart slug (D:1)
  2 giant cockroaches (D:1)
  A goblin (D:1)
  3 hobgoblins (D:1)
  2 kobolds (D:1)
  A bat (D:1)
  A rat (D:1)
11 creatures vanquished.

Notes
Turn   | Place    | Note
--------------------------------------------------------------
     0 | D:1      | Alarkh the Ghoul Skald began the quest for the Orb.
     0 | D:1      | Reached XP level 1. HP: 17/17 MP: 2/2
   134 | D:1      | Reached XP level 2. HP: 22/24 MP: 3/3
   164 | D:1      | Reached skill level 3 in Unarmed Combat
   283 | D:1      | Quit the game

Skill      XL: |  1  2 |
---------------+-------+-----
Unarmed Combat | 3 |  3.3
Fighting       | |  2.1
Armour         | |  0.8
Dodging        | |  0.8
Spellcasting   | |  1.7
Charms         | |  2.6

Action                   || total
-------------------------++-------
Melee: Unarmed           ||    36
Armor: Leather armour    ||     4
Dodge: Dodged            ||    18
